 Dungeon Crawl Stone Soup version 0.29.1-15-g9cfb28693d (webtiles) character file.

Game seed: 12737746837609298138

18 Gustavia the Vexing (level 2, -2/16 HPs)
             Began as a Kobold Arcane Marksman on Mar 9, 2023.
             Slain by a worm (8 damage)
             ... on level 1 of the Dungeon.
             The game lasted 00:05:40 (1574 turns).

Gustavia the Vexing (Kobold Arcane Marksman)        Turns: 1574, Time: 00:05:41

Health: -2/16      AC:  3    Str:  6 (7)  XL:     2   Next: 90%
Magic:  3/3        EV: 15    Int: 13 (14) God:
Gold:   56         SH:  0    Dex: 14 (15) Spells: 2/3 levels left

rFire   . . .      SeeInvis .   a - +1 sling
rCold   . . .      Faith    .   (no shield)
rNeg    . . .      Spirit   .   c - +0 robe
rPois   .          Reflect  .   (no helmet)
rElec   .          Harm     .   d - +0 cloak
rCorr   .          Rampage  .   (no gloves)
Will    .....                   (no boots)
Stlth   ++........              (no amulet)
HPRegen 0.05/turn               (no ring)
MPRegen 0.08/turn               (no ring)

@: no status effects
A: small, no large weapons, nightstalker 3
a: no special abilities


You were on level 1 of the Dungeon.
You visited 1 branch of the dungeon, and saw 2 of its levels.

You collected 56 gold pieces.

Inventory:

Hand Weapons
 a - a +1 sling (weapon)
Missiles
 e - a throwing net
Armour
 c - a +0 robe (worn)
 d - a +0 cloak (worn)
Scrolls
 b - 2 scrolls of poison


   Skills:
 + Level 1.2 Fighting
 + Level 2.9 Ranged Weapons
 + Level 2.9 Dodging
 + Level 0.4 Stealth
 + Level 1.1 Spellcasting
 + Level 3.4 Hexes


You had 2 spell levels left.
You knew the following spells:

 Your Spells              Type           Power      Damage    Failure   Level
a - Slow                  Hex            36%        N/A       7%          1

Your spell library contained the following spells:

 Spells                   Type           Power      Damage    Failure   Level
 Static Discharge         Conj/Air       0%         3-3/arc   38%         2
 Inner Flame              Hex/Fire       5%         N/A       38%         3
 Portal Projectile        Hex/Tloc       10%        N/A       38%         3
 Cause Fear               Hex            4%         N/A       56%         4
 Lightning Bolt           Conj/Air       0%         1d11      100%        5
 Maxwell's Capacitive Co  Air            0%         ∞         100%        8


Dungeon Overview and Level Annotations

Branches:
Dungeon (2/15)

Altars:

Shops:
D:1 (


Innate Abilities, Weirdness & Mutations

You are small and have problems with some larger weapons.
You are completely attuned to the shadows.


Message History

Press: ? - help, Q - select action, (/) - cycle Shift-Dir - straight line, f - worm
Aim: a worm (asleep, 98% to hit)
You shoot a sling bullet. The sling bullet hits the worm.
The worm is moderately wounded.
Fire: a) +1 sling
Press: ? - help, Q - select action, (/) - cycle Shift-Dir - straight line, f/p - worm
Aim: a worm (moderately wounded, 77% to hit)
You shoot a sling bullet. The sling bullet hits the worm.
The worm is heavily wounded.
The ball python bites you. The ball python grabs you.
The ball python constricts you.
The ball python bites you but does no damage.
The ball python constricts you.
Fire: a) +1 sling
Press: ? - help, Q - select action, (/) - cycle Shift-Dir - straight line, f/p - worm
Aim: a worm (heavily wounded, 77% to hit)
You shoot a sling bullet.
The sling bullet hits the worm but does no damage.
The worm is heavily wounded.
The ball python closely misses you. The ball python constricts you.
The worm closely misses you.
Fire: a) +1 sling
Press: ? - help, Q - select action, (/) - cycle Shift-Dir - straight line, f/p - worm
Aim: a worm (moderately wounded, 77% to hit)
You shoot a sling bullet.
The sling bullet barely misses the worm.
A bat comes into view.
The ball python closely misses you. The ball python constricts you.
The ball python bites you. The ball python constricts you. The worm bites you!
Ouch! That really hurt!
* * * LOW HITPOINT WARNING * * *
You escape the ball python's grasp.
The bat closely misses you. The ball python barely misses you.
The ball python closely misses you.
You climb upwards.
There is a stone staircase leading down here.
Okay, then.
You feel better. The bat closely misses you.
The ball python closely misses you. x2; The worm bites you!
Ouch! That really hurt!
You die...

.........#..#.##)##..#######
...............#†##..#
.........#..#..#.##..#
........########.##..#
........'......#.##..#
........######.#.##..#
######### #.#.##..#
##############.#.b...#
...............w@###)###
##############.#S#.....#
####.............#.#.#.#
...#.########....#...#.#
............#....###.#.#
...##.#####.#..........##
...'........#...........#
...##.#######....######.#
.#.##.#..†# #....####.#.#


You could see a worm, a bat and a ball python.

Vanquished Creatures
  A ball python (D:1)
  4 endoplasms (D:1)
  3 goblins (D:1)
  2 hobgoblins (D:1)
  A kobold (D:1)
  2 bats (D:1)
  2 frilled lizards (D:1)
  A rat (D:1)
16 creatures vanquished.

Notes
Turn   | Place    | Note
-------+----------+-------------------------------------------
     0 | D:1      | Gustavia the Kobold Arcane Marksman began the quest for the
                  | Orb.
     0 | D:1      | Reached XP level 1. HP: 12/12 MP: 2/2
   197 | D:1      | Reached XP level 2. HP: 16/16 MP: 3/3
   639 | D:1      | Found Zualuxt's Weapon Boutique.
  1574 | D:1      | Slain by a worm

Illustrated notes

Levels and vault maps discovered:
D:1:      dpeg_arrival_tiny_a, layout_basic, serial_shops, shop
D:2:      layout_loops_ring, nicolae_ecumenical_oubliette, basic_altar,
          kennysheep_nondescript, kennysheep_flooded_box,
          hangedman_abyss_or_decor_stabs, kennysheep_cross_room, minmay_unequal

Action                   || total
-------------------------++-------
 Fire: Sling             ||    49
  Use: Potion            ||     6
       Scroll            ||     3
Armor: Robe              ||     6
Dodge: Dodged            ||    28
